[Event "*** Biggest EVER Titled Tuesday"]
[Site "Chess.com"]
[Date "2018.04.17"]
[Round "4"]
[White "lachesisQ"]
[Black "ShimanovAlex"]
[Result "0-1"]
[WhiteElo "2946"]
[BlackElo "2728"]
[TimeControl "180+2"]
[EndTime "13:52:58 PDT"]
[Termination "ShimanovAlex won by resignation"]

1. e4 c6 2. d4 d5 3. e5 c5 4. dxc5 e6 5. a3 Bxc5 6. b4 Bb6 7. Nf3 Ne7 8. Bd3 Ng6 9. O-O O-O 10. Re1 a5 11. b5 a4 12. Bb2 Nd7 13. Nbd2 Nc5 14.
Bf1 Bd7 15. Bd4 Rc8 16. c4 Ne7 17. Rc1 Nf5 18. Bb2 Ba5 19. cxd5 exd5 20. Bc3 Bxc3 21. Rxc3 d4 22. Rc1 d3 23. Rb1 Be6 24. Rb4 Qb6 25. Ng5 Rfd8 26. Qh5 h6 27. Ngf3 Nb3 28. Rxa4 Nxd2 29.
Nxd2 Rc2 30. Qd1 Qxb5 31. Rb4 Qc6 32. h3 Qc3 33. Ne4 Qxa3 34. Rxb7 d2 35. Re2 Rc1 36. Qxd2 Rxd2 37. Nxd2 Qd3 38. Rb4 Qxe2 0-1

[Event "*** Biggest EVER Titled Tuesday"]
[Site "Chess.com"]
[Date "2018.04.17"]
[Round "4"]
[White "ChessTrail"]
[Black "oskariot"]
[Result "0-1"]
[WhiteElo "2483"]
[BlackElo "2400"]
[TimeControl "180+2"]
[EndTime "13:52:58 PDT"]
[Termination "oskariot won by checkmate"]

1. e4 e6 2. d4 d5 3. Nc3 Nf6 4. Bg5 Be7 5. Bxf6 Bxf6 6. e5 Be7 7. h4 c5 8. Qg4 O-O 9. O-O-O cxd4 10. Nb5 Nc6 11. f4 f5 12. Qg3 Qb6 13. Nf3 Bc5 14. h5 a6 15. Nd6 Bxd6 16. exd6 Qd8 17. Ne5 h6 18. Qa3 Nxe5 19. fxe5 Qg5+ 20. Kb1 Qe3 21.
Qa4 b5 22. Bxb5 Qxe5 23. d7 Bb7 24. Bc6 Bxc6 25. Qxc6 Qf6 26. Rhe1 Kf7 27. Rxd4 Rfd8 28. Rb4 Rab8 29. Rxb8 Rxb8 30. b3 Rd8 31. c4 dxc4 32.
bxc4 Rb8+ 33. Kc1 Qc3+ 34. Kd1 Rb1+ 35. Ke2 Rxe1+ 36. Kf2 Qe3# 0-1

[Event "*** Biggest EVER Titled Tuesday"]
[Site "Chess.com"]
[Date "2018.04.17"]
[Round "4"]
[White "krzyzan94"]
[Black "joppie2"]
[Result "1-0"]
[WhiteElo "2606"]
[BlackElo "2626"]
[TimeControl "180+2"]
[EndTime "13:52:59 PDT"]
[Termination "krzyzan94 won by resignation"]

1. e4 e6 2. d4 d5 3. Bd3 dxe4 4. Bxe4 Nf6 5. Bf3 Nbd7 6. Ne2 e5 7. Nbc3 Be7 8. O-O O-O 9. Ng3 Re8 10. Be3 Bb4 11. Nd5 Nxd5 12. Bxd5 Nf6 13. Bb3 e4 14. Qe2 Bd6 15. h3 h6 16. Rad1 Be6 17. Bxe6 Rxe6 18. Nf5 Qd7 19. c4 Bf8 20. d5 Ra6 21. g4 Rxa2 22. Bd4 Nh7 23. Qxe4 Ng5 24. Qg2 Re8 25. Rfe1 Rxe1+ 26. Rxe1 Ra6 27. f4 Nh7 28. Qe2 Nf6 29. Ne7+ Kh8 30. b4 b5 31. cxb5 Ra3 32. Bxf6 gxf6 33.
Qb2 Rxh3 34. Qxf6+ Bg7 35. Qf5 Qe8 36. Ng6+ 1-0

[Event "*** Biggest EVER Titled Tuesday"]
[Site "Chess.com"]
[Date "2018.04.17"]
[Round "4"]
[White "TigranLPetrosyan"]
[Black "Annawel"]
[Result "0-1"]
[WhiteElo "2653"]
[BlackElo "2873"]
[TimeControl "180+2"]
[EndTime "13:53:00 PDT"]
[Termination "Annawel won by resignation"]

1. Nf3 Nf6 2. g3 b6 3. Bg2 Bb7 4. O-O e6 5. d3 d5 6. Nbd2 Be7 7. e4 dxe4 8. Ng5 O-O 9. Ngxe4 Nxe4 10. Nxe4 Qc8 11.
Qh5 Nd7 12. Bg5 Bxg5 13. Qxg5 h6 14. Qe3 Rd8 15. f4 Nf8 16. Rae1 c5 17. g4 f5 18.
gxf5 exf5 19. Ng3 Bxg2 20. Kxg2 Qd7 21. Qe5 Ng6 22. Qe6+ Qxe6 23. Rxe6 Kf7 24. Rc6 Rd5 25. Rc7+ Kf8 26. Nh5 Rd4 27. Kf3 Re8 28. Rxg7 Nxf4 29.
Rg8+ Kxg8 30. Nf6+ Kf7 31. Nxe8 Ne6 32. Re1 Rd8 33.
Re5 Nd4+ 34. Kf4 Rxe8 0-1

[Event "*** Biggest EVER Titled Tuesday"]
[Site "Chess.com"]
[Date "2018.04.17"]
[Round "4"]
[White "GMKrikor"]
[Black "Paralinch"]
[Result "0-1"]
[WhiteElo "2614"]
[BlackElo "2814"]
[TimeControl "180+2"]
[EndTime "13:53:05 PDT"]
[Termination "Paralinch won by resignation"]

1. e4 c6 2. d4 d5 3. e5 Bf5 4.
Nf3 e6 5. Be2 c5 6. Be3 Qb6 7.
Nc3 Nc6 8. O-O Qxb2 9. Qe1 cxd4 10. Nxd4 Bb4 11. Nxf5 Bxc3 12. Nd6+ Kf8 13. Rb1 Qa3 14.
Nb5 Bxe1 15. Nxa3 d4 16. Bf4 Bb4 17. Nc4 Rb8 18. Bf3 Nge7 19. a3 Bc5 20. Nd6 b6 21. a4 h6 22. h4 g6 23. Rfc1 Kg7 24.
c3 Rhd8 25. cxd4 Nxd4 26. Be4 Ne2+ 27. Kh2 Nxf4 28. Nb7 Rdc8 29. a5 Bxf2 30. a6 Ne2 31.
Rxc8 Rxc8 32. Nd6 Rc5 33. Bf3 Bg3+ 34. Kh3 Bxe5 35. Nb5 Nf4+ 36. Kh2 Nc8 37. Bb7 Bb8 38. Kh1 Ne2 39. g4 Nd6 0-1

[Event "*** Biggest EVER Titled Tuesday"]
[Site "Chess.com"]
[Date "2018.04.17"]
[Round "4"]
[White "jlucasvf"]
[Black "Blitzking4444"]
[Result "1-0"]
[WhiteElo "2129"]
[BlackElo "1964"]
[TimeControl "180+2"]
[EndTime "13:53:06 PDT"]
[Termination "jlucasvf won by checkmate"]

1. e4 e6 2. d4 d5 3. exd5 exd5 4. Nf3 Bd6 5. Bd3 Nc6 6. O-O Bg4 7. h3 Bh5 8. Nc3 Nge7 9. Nb5 a6 10. Nxd6+ Qxd6 11. c3 O-O-O 12. Bg5 f6 13. Bh4 g5 14. Bg3 Qd7 15.
Qa4 Bxf3 16. gxf3 Qxh3 17. Rfe1 f5 18. Bf1 Qh6 19. Rxe7 Nxe7 20. Be5 Rhg8 21. Bg2 f4 22. Re1 g4 23. Kf1 g3 24. Bxc7 Rd7 25. Bxf4 Qxf4 26. Bh3 Nf5 27. Qc2 Rf7 28. Re5 Rg5 29. Qa4 g2+ 30.
Ke2 Rd7 31. Re8+ Kc7 32. Qa5+ b6 33. Qxa6 g1=Q 34. Qc8+ Kd6 35. Qb8+ Rc7 36. Qxb6+ Kd7 37. Qe6# 1-0

[Event "*** Biggest EVER Titled Tuesday"]
[Site "Chess.com"]
[Date "2018.04.17"]
[Round "4"]
[White "BilodeauA"]
[Black "Ginger_GM"]
[Result "1-0"]
[WhiteElo "2630"]
[BlackElo "2453"]
[TimeControl "180+2"]
[EndTime "13:53:10 PDT"]
[Termination "BilodeauA won by checkmate"]

1. e4 e6 2. d4 d5 3. Nd2 Nf6 4. e5 Nfd7 5. f4 c5 6. c3 Nc6 7.
Ndf3 Be7 8. Bd3 f5 9. Ne2 cxd4 10. cxd4 a5 11. O-O a4 12. Kh1 Nb6 13. Nc3 a3 14.
bxa3 O-O 15. Nb5 Nc4 16. Nd2 Ne3 17. Qe2 Nxf1 18. Nxf1 Bd7 19. g4 Na5 20. gxf5 exf5 21. Ne3 Be6 22. Bb2 Rc8 23. Rg1 Rf7 24. Qh5 Qd7 25.
Nc3 Bf8 26. Qf3 Rd8 27. Bb5 Nc6 28. Qg2 Kh8 29. Nb1 Qe7 30. Nd2 Qh4 31. Qf3 g6 32. Ng2 Qg4 33. Qe3 Bh6 34. Be2 g5 35. Bxg4 gxf4 36. Qh3 fxg4 37. Qxh6 Bf5 38. Nxf4 Rdf8 39.
Nxd5 Ne7 40. Nxe7 Rxe7 41. Qxf8# 1-0

[Event "*** Biggest EVER Titled Tuesday"]
[Site "Chess.com"]
[Date "2018.04.17"]
[Round "4"]
[White "BergenChessAcademy"]
[Black "Saitama_Hero"]
[Result "0-1"]
[WhiteElo "2199"]
[BlackElo "2154"]
[TimeControl "180+2"]
[EndTime "13:53:10 PDT"]
[Termination "Saitama_Hero won on time"]

1. d4 Nf6 2. c3 g6 3. h4 Bg7 4.
Nf3 d6 5. Nbd2 O-O 6. e4 e5 7. d5 c6 8. c4 b5 9. dxc6 bxc4 10. Nxc4 Nxc6 11. Qxd6 Qe8 12. Ncxe5 Bb7 13. Bb5 Nxe4 14. Qd5 Nxe5 15. Qxb7 Qd8 16. Nxe5 Bxe5 17. O-O Qxh4 18. g3 Qg4 19. Bc6 Nxg3 20. fxg3 Qxg3+ 21. Bg2 Bd4+ 22. Rf2 Qxf2+ 23. Kh2 Qh4+ 24. Bh3 Be5+ 25. Kg2 Qg3+ 26.
Kf1 Qxh3+ 27. Qg2 Qf5+ 28. Kg1 Bd4+ 29. Kh2 Rae8 30. Bg5 Re4 31. Rf1 Qe6 32. Kh1 Rg4 0-1

[Event "*** Biggest EVER Titled Tuesday"]
[Site "Chess.com"]
[Date "2018.04.17"]
[Round "4"]
[White "GMAkobianSTL"]
[Black "Bauxi435"]
[Result "1-0"]
[WhiteElo "2647"]
[BlackElo "2437"]
[TimeControl "180+2"]
[EndTime "13:53:15 PDT"]
[Termination "GMAkobianSTL won by resignation"]

1. d4 Nf6 2. c4 e6 3. Nc3 d5 4. Bg5 dxc4 5. e3 a6 6. Bxc4 b5 7. Be2 Bb7 8. Bf3 Bxf3 9. Qxf3 Nbd7 10. Bxf6 Nxf6 11. Qc6+ Nd7 12. Nf3 Bd6 13. Ne4 Bb4+ 14. Ke2 O-O 15. Rac1 Ra7 16. Rhd1 Nb6 17. Nc5 Qf6 18.
Ne5 Bxc5 19. Qxc5 Rfa8 20. Rc2 Qg5 21. Nc6 Qg4+ 22. Ke1 Rb7 23. g3 Nd5 24. Rdc1 Qe4 25. h4 Re8 26. Ne5 b4 27. Qc6 Rbb8 28. b3 a5 29. Kf1 Qh1+ 30. Ke2 Qg2 31. Qc4 h6 32. Qd3 Nc3+ 33. Rxc3 bxc3 34. Rxc3 a4 35. Rxc7 Rb7 36. Qc2 axb3 37. axb3 Rxc7 38. Qxc7 Rf8 39. Qc6 Qxc6 40. Nxc6 Rc8 41. Ne7+ 1-0

[Event "*** Biggest EVER Titled Tuesday"]
[Site "Chess.com"]
[Date "2018.04.17"]
[Round "4"]
[White "daro94"]
[Black "Zaven_ChessMood"]
[Result "0-1"]
[WhiteElo "2716"]
[BlackElo "2864"]
[TimeControl "180+2"]
[EndTime "13:53:17 PDT"]
[Termination "Zaven_ChessMood won on time"]

1. e4 g6 2. d4 Bg7 3. Nc3 d6 4. Be3 Nf6 5. h3 a6 6. a4 Nc6 7. Nf3 O-O 8. Be2 Nd7 9. O-O e5 10. dxe5 dxe5 11. Nd5 Nf6 12. Bg5 Be6 13. Bc4 Re8 14. Qd3 Bxd5 15. Bxd5 Qd6 16. Bxf6 Bxf6 17. Rfd1 Nd8 18. Qb3 Qe7 19. Rd3 Rb8 20. Rad1 c6 21. Bc4 b5 22. Rd7 Qf8 23. Nh2 h5 24. Nf3 Kg7 25. g4 hxg4 26. hxg4 Rc8 27. axb5 axb5 28. g5 Be7 29. Bf1 Ne6 30. Qe3 Bc5 31. Qc1 Rcd8 32. Nxe5 Bxf2+ 33. Kxf2 Qc5+ 34. Qe3 Qxe5 35.
Rxd8 Nxd8 36. Qc3 Qxc3 37. bxc3 Ne6 38. Rd6 Nxg5 39. Rxc6 Nxe4+ 40. Kg2 Re5 41. Bd3 f5 42. Kf3 g5 43. Ke3 Nf6+ 44. Kd2 g4 45. Rb6 g3 46. Bf1 f4 47. Bg2 Ng4 48. Bf3 Nh2 49. Ba8 f3 50. Rb7+ Kf6 51. Rb6+ Kg5 0-1

[Event "*** Biggest EVER Titled Tuesday"]
[Site "Chess.com"]
[Date "2018.04.17"]
[Round "4"]
[White "GadimbayliA"]
[Black "NTBT_DHS"]
[Result "1-0"]
[WhiteElo "2406"]
[BlackElo "2501"]
[TimeControl "180+2"]
[EndTime "13:53:17 PDT"]
[Termination "GadimbayliA won by resignation"]

1. e4 g6 2. d4 Bg7 3. Nc3 d6 4. Bg5 Nd7 5. Qd2 a6 6. h4 h5 7.
Nf3 b5 8. Bd3 c5 9. a4 c4 10. Be2 Bb7 11. axb5 axb5 12. Rxa8 Qxa8 13. Nxb5 Qa1+ 14. Qc1 Qxc1+ 15. Bxc1 Bxe4 16. Bxc4 Bxc2 17. Ng5 Nh6 18. Nc7+ Kd8 19. Nce6+ fxe6 20. Nxe6+ Kc8 21. Nxg7 Nf5 22. Nxf5 Bxf5 23. Bg5 Nb6 24. Ba6+ Kd7 25. Bb5+ Ke6 26. O-O Kf7 27. Re1 e6 28. Rc1 Nd5 29. Rc6 Rb8 30. Bc4 Rb4 31. b3 Nb6 32. Bd2 Nxc4 33.
Bxb4 Nb2 34. Bxd6 Ke8 35. Rc7 Kd8 36. Ra7 Nd3 37. b4 Nc1 38. b5 Ne2+ 39. Kh2 Nxd4 40. b6 Nc6 41. b7 1-0

[Event "*** Biggest EVER Titled Tuesday"]
[Site "Chess.com"]
[Date "2018.04.17"]
[Round "4"]
[White "Robert_Chessmood"]
[Black "shyam"]
[Result "0-1"]
[WhiteElo "2745"]
[BlackElo "2580"]
[TimeControl "180+2"]
[EndTime "13:53:17 PDT"]
[Termination "shyam won by resignation"]

1. e4 e5 2. Nf3 Nc6 3. Nc3 g6 4. d4 exd4 5. Nxd4 Bg7 6. Be3 Nge7 7. Qd2 O-O 8. h4 d5 9. Nxc6 bxc6 10. O-O-O Rb8 11.
Bh6 Bxh6 12. Qxh6 Qd6 13. h5 Bg4 14. f3 Bxh5 15. g4 Qb4 16. gxh5 Qxb2+ 17. Kd2 d4 18. Bd3 Qxc3+ 19. Ke2 Rfe8 20. hxg6 Nxg6 21. Rdg1 Rb2 22. Qxh7+ Kf8 23. Qh6+ Ke7 24. Qg5+ Kd7 25. Rh7 Re7 26.
Kf2 Qxd3 27. Qf5+ Kd6 28. e5+ Nxe5 29. Qf6+ Re6 30. Qd8+ Kc5 31. Qf8+ Rd6 32. Qg7 Qe3+ 33. Kg2 Qxf3+ 34. Kh2 Rxc2+ 35. Rg2 Rxg2+ 36. Qxg2 Qxg2+ 37. Kxg2 d3 0-1

[Event "*** Biggest EVER Titled Tuesday"]
[Site "Chess.com"]
[Date "2018.04.17"]
[Round "4"]
[White "BIG_Pirate"]
[Black "biostatistician"]
[Result "0-1"]
[WhiteElo "2276"]
[BlackElo "2437"]
[TimeControl "180+2"]
[EndTime "13:53:17 PDT"]
[Termination "biostatistician won by resignation"]

1. Nf3 Nf6 2. c4 g6 3. Nc3 Bg7 4. g3 b6 5. Bg2 Bb7 6. O-O O-O 7.
d4 Ne4 8. Nxe4 Bxe4 9. Bf4 Nc6 10. d5 Na5 11. Qc1 e6 12. Nd2 Bxg2 13. Kxg2 exd5 14. cxd5 c6 15. Rb1 cxd5 16. b3 Rc8 17. Qd1 Re8 18. Nf3 Nc6 19. Qd2 d4 20. Bg5 Bf6 21. Bxf6 Qxf6 22.
Rfd1 Re4 23. Ng5 Re7 24. Re1 Rce8 25. Rbd1 Qf5 26. Nf3 Re4 27. Qd3 Kg7 28. a3 a5 29.
Kg1 Rxe2 30. Rxe2 Qxd3 31. Rxd3 Rxe2 32. Nxd4 Nxd4 33. Rxd4 Rb2 34. Rd3 h5 35. a4 Kf6 36.
h4 Ke6 37. Kg2 d5 38. Kf3 Kd6 39. Ke3 Kc5 40. f3 Kb4 41. Kf4 Rxb3 42. Rxd5 Kxa4 43.
Rd7 b5 44. Rxf7 b4 45. Rf6 Rc3 46. Rxg6 b3 47. Rb6 Rc4+ 48. Kg5 Rb4 49. Re6 b2 50. Re1 b1=Q 51. Rxb1 Rxb1 52. Kxh5 Kb5 53. g4 a4 54. g5 a3 55. g6 a2 56. g7 Rg1 57. Kh6 a1=Q 0-1

[Event "*** Biggest EVER Titled Tuesday"]
[Site "Chess.com"]
[Date "2018.04.17"]
[Round "4"]
[White "milovanratkovic"]
[Black "jacky72"]
[Result "1/2-1/2"]
[WhiteElo "2467"]
[BlackElo "2640"]
[TimeControl "180+2"]
[EndTime "13:53:18 PDT"]
[Termination "Game drawn by repetition"]

1. d4 Nf6 2. Bg5 Ne4 3. Bf4 d5 4. f3 Nf6 5. e4 dxe4 6. Nc3 exf3 7. Nxf3 g6 8. Bc4 Bg7 9. Qd2 O-O 10. O-O-O a6 11.
Bh6 b5 12. Bd3 Bb7 13. Bxg7 Kxg7 14. h4 h5 15. Ne2 Nc6 16. Qf4 Nb4 17. Kb1 Qd5 18.
b3 a5 19. Ng3 Nxd3 20. Rxd3 a4 21. Ne5 axb3 22. cxb3 Qxg2 23. Rd2 Qd5 24. Rg1 Ng4 25. Nf5+ gxf5 26. Qg5+ Kh7 27. Qxf5+ Kh6 28. Qg5+ Kh7 29. Qf5+ Kh6 30. Qg5+ Kh7 31. Qf5+ Kg7 32. Qg5+ Kh7 33.
Qf5+ Kh6 34. Qg5+ Kh7 35. Qf5+ 1/2-1/2

[Event "*** Biggest EVER Titled Tuesday"]
[Site "Chess.com"]
[Date "2018.04.17"]
[Round "4"]
[White "Safar_From_Afar"]
[Black "Generalas"]
[Result "0-1"]
[WhiteElo "2257"]
[BlackElo "2170"]
[TimeControl "180+2"]
[EndTime "13:53:20 PDT"]
[Termination "Generalas won by resignation"]

1. e4 e5 2. Nf3 Nc6 3. Bb5 a6 4. Bxc6 dxc6 5. O-O f6 6. d4 exd4 7. Nxd4 c5 8. Nb3 Qxd1 9. Rxd1 Bd7 10. Bf4 O-O-O 11.
Nc3 Be6 12. Rxd8+ Kxd8 13. Rd1+ Kc8 14. Nd5 Bxd5 15. Rxd5 b6 16. f3 Ne7 17. Rd1 Nc6 18.
c3 Be7 19. Kf2 Rd8 20. Rxd8+ Kxd8 21. Ke3 Kd7 22. g4 Bd6 23. Nd2 b5 24. h4 Ke6 25.
g5 c4 26. Nf1 a5 27. Ng3 g6 28.
gxf6 Kxf6 29. Bg5+ Ke6 30. f4 b4 31. Kf3 Na7 32. e5 Bf8 33. Ne4 Nb5 34. Bd8 Kd7 35.
Bf6 h6 36. Kg4 Ke6 37. Kf3 a4 38. cxb4 Bxb4 39. Bg7 h5 40. Ng5+ Kf5 41. e6 Be7 42. Be5 Bxg5 43. hxg5 Kxe6 44. Bf6 Kf5 45. Bd8 c6 46. Ba5 Nd4+ 47. Ke3 Ne6 48. Bc7 Nxc7 0-1

[Event "*** Biggest EVER Titled Tuesday"]
[Site "Chess.com"]
[Date "2018.04.17"]
[Round "4"]
[White "Too_Stupid_To_Play"]
[Black "Kozok"]
[Result "0-1"]
[WhiteElo "2222"]
[BlackElo "2210"]
[TimeControl "180+2"]
[EndTime "13:53:21 PDT"]
[Termination "Kozok won by resignation"]

1. b4 e5 2. Bb2 Bxb4 3. Bxe5 Nf6 4. Nc3 O-O 5. Bxf6 Qxf6 6. Nd5 Qd6 7. c4 c6 8. Nxb4 Qxb4 9. e3 d5 10. cxd5 cxd5 11.
Rb1 Qd6 12. Nf3 Nc6 13. Be2 d4 14. Nxd4 Nxd4 15. exd4 Qxd4 16. O-O b6 17. Bf3 Rb8 18. Qe2 Bf5 19. Rb3 Rbd8 20. Qa6 Bd3 21. Rxd3 Qxd3 22. Qxa7 b5 23. a4 b4 24. a5 b3 25. Qb6 Rfe8 26.
a6 Re6 27. Bc6 b2 28. a7 Rxc6 29. Qxb2 Ra8 30. Qb8+ Rc8 31. Qb7 Qxd2 32. h4 Qa5 33. h5 Qxa7 34. Qf3 Qe7 35. Qg4 Re8 36. h6 g6 37. Qd4 Qe5 38. Qh4 Rad8 39. f4 Qd4+ 40. Kh1 Rd5 41. g4 Qe4+ 42. Kg1 Rd2 43. Rf2 Qe1+ 44.
Kg2 Rxf2+ 0-1

[Event "*** Biggest EVER Titled Tuesday"]
[Site "Chess.com"]
[Date "2018.04.17"]
[Round "4"]
[White "bugsbunny444"]
[Black "jlandaw"]
[Result "0-1"]
[WhiteElo "2410"]
[BlackElo "2425"]
[TimeControl "180+2"]
[EndTime "13:53:24 PDT"]
[Termination "jlandaw won by resignation"]

1. Nf3 Nf6 2. c4 c6 3. g3 g6 4. b4 Bg7 5. Bb2 d5 6. cxd5 cxd5 7. Bg2 O-O 8. O-O Qb6 9. a3 a5 10. Nc3 Nc6 11. b5 Na7 12. a4 Rd8 13. d3 d4 14. Nb1 Nd5 15. Qd2 Be6 16. Na3 Nc3 17. e3 dxe3 18. fxe3 Ne4 19. Qe2 Bxb2 20. Qxb2 Qxe3+ 21. Kh1 Rxd3 22. Ne5 Rb3 23. Nac4 Nxg3+ 24. hxg3 Qh6+ 25.
Kg1 Rxb2 26. Nxb2 Qe3+ 27. Rf2 Qxe5 28. Rd1 Rc8 29. Bxb7 Qxg3+ 30. Bg2 Bb3 31. Rd3 Rc1+ 32. Rf1 Qe5 33. Rxc1 Qxb2 34. Rcc3 Bxa4 35. Rd8+ Kg7 36. Rdd3 Bxb5 37. Re3 a4 38. Ra3 Nc6 0-1

[Event "*** Biggest EVER Titled Tuesday"]
[Site "Chess.com"]
[Date "2018.04.17"]
[Round "4"]
[White "PulpanJ"]
[Black "GMVallejo"]
[Result "0-1"]
[WhiteElo "2474"]
[BlackElo "2779"]
[TimeControl "180+2"]
[EndTime "13:53:27 PDT"]
[Termination "GMVallejo won by resignation"]

1. e4 c5 2. Nf3 e6 3. d4 cxd4 4. Nxd4 a6 5. c4 Nf6 6. Nc3 Qc7 7. a3 b6 8. f3 Bb7 9. Be3 Be7 10. Rc1 d6 11.
Be2 Nbd7 12. O-O O-O 13. b4 Rac8 14. Qd2 Qb8 15. Rc2 Bd8 16. b5 a5 17. Rb1 Nc5 18.
Kh1 Re8 19. Nb3 Bc7 20. Nxc5 dxc5 21. Bg1 Rcd8 22. Qe1 Be5 23. Rd1 h6 24. Na4 Rxd1 25.
Qxd1 Qc7 26. Rd2 g5 27. Nb2 Bf4 28. Rd3 Kg7 29. Qf1 h5 30. Nd1 h4 31. Nf2 Rd8 32. Qd1 Rxd3 33. Qxd3 Qe5 34. Nh3 a4 35. Nxf4 gxf4 36.
Qd1 h3 37. gxh3 Nxe4 38. Kg2 Nc3 39. Qd3 Qxe2+ 0-1

[Event "*** Biggest EVER Titled Tuesday"]
[Site "Chess.com"]
[Date "2018.04.17"]
[Round "4"]
[White "OparinGrigoriy"]
[Black "Shtembuliak"]
[Result "1-0"]
[WhiteElo "2860"]
[BlackElo "2636"]
[TimeControl "180+2"]
[EndTime "13:53:27 PDT"]
[Termination "OparinGrigoriy won by resignation"]

1. e4 e6 2. Nc3 d5 3. d4 Nc6 4. Nf3 Nf6 5. e5 Ne4 6. Bd3 Bb4 7. Bd2 Nxd2 8. Qxd2 O-O 9. a3 Bxc3 10. Qxc3 f6 11. O-O fxe5 12. Nxe5 Nxe5 13. dxe5 Qe7 14. b4 b6 15. b5 a6 16. a4 Bb7 17. f4 axb5 18. axb5 Qc5+ 19. Qxc5 bxc5 20. g3 g6 21. c3 Kf7 22.
Kf2 Ke7 23. Ke3 Kd7 24. h4 c6 25. b6 c4 26. Bc2 c5 27. Ra7 Kc6 28. Rb1 Rxa7 29.
bxa7 Ra8 30. Ra1 Kb6 31. g4 Rd8 32. Kd2 d4 33. g5 Bc6 34. h5 d3 35. Bd1 Ra8 36. Bg4 Bd5 37. h6 Rxa7 38. Rxa7 Kxa7 39. f5 exf5 40. Bxf5 Bg8 41. Bxg6 Kb6 42. e6 Bxe6 43. Bxh7 1-0

[Event "*** Biggest EVER Titled Tuesday"]
[Site "Chess.com"]
[Date "2018.04.17"]
[Round "4"]
[White "Alex_Molchanov"]
[Black "Sebastian"]
[Result "0-1"]
[WhiteElo "2543"]
[BlackElo "2787"]
[TimeControl "180+2"]
[EndTime "13:53:27 PDT"]
[Termination "Sebastian won by checkmate"]

1. d4 Nf6 2. c4 e6 3. a3 d5 4.
Nc3 c5 5. Nf3 cxd4 6. Nxd4 e5 7.
Nf3 d4 8. Nb1 Nc6 9. e3 Bg4 10.
h3 Bxf3 11. Qxf3 e4 12. Qf5 g6 13. Qb5 a6 14. Qa4 Bh6 15. Be2 Qb6 16. b4 dxe3 17. fxe3 O-O 18. c5 Qc7 19. O-O Nd5 20. Qb3 Qe5 21. Bb2 Qg5 22. Bc4 Rad8 23. Bxd5 Rxd5 24. Re1 Rd3 25. Qc2 Bg7 26. Bxg7 Kxg7 27. Nc3 Qe5 28. Rad1 Rxc3 29. Qb2 Rd3 30. Qc2 Rfd8 31. Rxd3 exd3 32. Qd2 h5 33. Rf1 Rd7 34. a4 h4 35. Kh1 Ne7 36. b5 axb5 37. axb5 Nf5 38. c6 Ng3+ 39. Kg1 bxc6 40.
bxc6 Ne2+ 41. Kh1 Ng3+ 42. Kg1 Nxf1 43. cxd7 Nxd2 44. d8=Q Qxe3+ 45. Kh2 Nf1+ 46. Kh1 Ng3+ 47. Kh2 Ne2 48. Kh1 Qg1# 0-1

[Event "*** Biggest EVER Titled Tuesday"]
[Site "Chess.com"]
[Date "2018.04.17"]
[Round "4"]
[White "IMAghasiyevKamal"]
[Black "Thee-Chessboy"]
[Result "0-1"]
[WhiteElo "2512"]
[BlackElo "2301"]
[TimeControl "180+2"]
[EndTime "13:53:27 PDT"]
[Termination "Thee-Chessboy won by resignation"]

1. e4 c5 2. Nf3 d6 3. d4 cxd4 4.
Nxd4 Nf6 5. Nc3 a6 6. Be3 b5 7. a4 b4 8. Nd5 e6 9. Nxb4 Nxe4 10.
Bd3 d5 11. c3 Bb7 12. O-O Bd6 13. Bxe4 dxe4 14. Qh5 O-O 15. Rad1 Qe7 16. Qa5 Bc7 17. Qh5 f5 18. Qg5 Qf7 19. f4 h6 20. Qg3 Nd7 21. Nbc6 Nc5 22. Ne5 Bxe5 23. fxe5 Nd3 24. Bxh6 Bd5 25. Bf4 Nxb2 26. Rb1 Nd3 27. Rb6 Nxf4 28. Qxf4 Rac8 29. Rxa6 Rxc3 30. Qd2 Rd3 31. Qb2 Qg6 32. Rb6 e3 33. Nf3 Rd2 0-1

[Event "*** Biggest EVER Titled Tuesday"]
[Site "Chess.com"]
[Date "2018.04.17"]
[Round "4"]
[White "Shant_Sargsyan"]
[Black "dretch"]
[Result "0-1"]
[WhiteElo "2804"]
[BlackElo "2702"]
[TimeControl "180+2"]
[EndTime "13:53:28 PDT"]
[Termination "dretch won by resignation"]

1. d4 d5 2. c4 c6 3. Nf3 Nf6 4. Nc3 dxc4 5. a4 e6 6. e4 Bb4 7. Bg5 h6 8. Bxf6 Qxf6 9. Bxc4 c5 10. O-O O-O 11. e5 Qd8 12. Ne4 cxd4 13. Qe2 Nd7 14.
Rfd1 Qa5 15. Ng3 Rd8 16. Rxd4 Nf8 17. Rxd8 Qxd8 18. Rd1 Qe7 19. h4 Bd7 20. Bb5 Rd8 21. Bxd7 Rxd7 22. h5 a5 23. Ne4 Rxd1+ 24. Qxd1 Qd7 25.
Qc2 Qd5 26. Nc3 Qc6 27. Qe4 Bxc3 28. Qxc6 bxc6 29. bxc3 Nd7 30. Kf1 Nb6 31. Nd4 c5 32. Nb3 Nxa4 33. c4 Nb2 34. Nxa5 Nd3 35. Nb3 Nxe5 36.
Nxc5 Nxc4 37. Ke2 Kf8 38. f4 Ke7 39. Ne4 Nd6 40. Nc3 f5 41. Kf3 Ne8 42. g4 Nf6 43. g5 hxg5 44. fxg5 Nxh5 45. Nb5 e5 46. Nc7 Nf4 47. Ke3 Ne6 48. Nd5+ Kf7 0-1

[Event "*** Biggest EVER Titled Tuesday"]
[Site "Chess.com"]
[Date "2018.04.17"]
[Round "4"]
[White "Iball95"]
[Black "chessking2151"]
[Result "1-0"]
[WhiteElo "2531"]
[BlackElo "2370"]
[TimeControl "180+2"]
[EndTime "13:53:28 PDT"]
[Termination "Iball95 won by resignation"]

1. d4 Nf6 2. Bf4 d5 3. e3 c5 4. c3 Qb6 5. Qb3 c4 6. Qc2 g6 7.
b3 Bf5 8. Qb2 Nc6 9. Nf3 Bg7 10.
Be2 O-O 11. O-O Rfc8 12. Nbd2 Ne4 13. Nxe4 Bxe4 14. Nd2 Bf5 15. Qa3 cxb3 16. axb3 e5 17. Bg3 exd4 18. exd4 Nd8 19. Qb2 Ne6 20. Nf3 Be4 21.
Rfe1 Qc6 22. Rac1 b5 23. Ne5 Qb7 24. h4 b4 25. f3 bxc3 26. Rxc3 Rxc3 27. Qxc3 Bf5 28.
Rc1 Bh6 29. Rd1 Rc8 30. Qa5 Rc2 31. Bd3 Bxd3 32. Rxd3 Bf4 33. Bxf4 Nxf4 34. Qd8+ Kg7 35. Nd7 Rxg2+ 36. Kh1 Qb4 37. Qf6+ Kg8 38. Qd8+ Kg7 39.
Qf6+ Kg8 40. Qxf4 Re2 41. Qb8+ Qxb8 42. Nxb8 Kg7 43. Nc6 Kh6 44. Nxa7 Kh5 45. b4 Kxh4 46.
Rb3 f5 47. f4 Kg4 48. b5 Re7 49. b6 Rb7 50. Nc6 Kxf4 51. Na5 Rb8 52. b7 Ke4 53.
Nc6 1-0

[Event "*** Biggest EVER Titled Tuesday"]
[Site "Chess.com"]
[Date "2018.04.17"]
[Round "4"]
[White "Korchmar_Vasiliy"]
[Black "Sanan_Sjugirov"]
[Result "0-1"]
[WhiteElo "2678"]
[BlackElo "2826"]
[TimeControl "180+2"]
[EndTime "13:53:30 PDT"]
[Termination "Sanan_Sjugirov won by resignation"]

1. d4 Nf6 2. Nf3 g6 3. Bg5 Bg7 4. Nbd2 O-O 5. e3 d6 6. Bd3 Nbd7 7. O-O b6 8. c3 Bb7 9. a4 a5 10. Re1 e5 11. e4 h6 12. Bh4 Re8 13. Qc2 g5 14. Bg3 Nh5 15. Rad1 Nf4 16. Bf1 Qe7 17. dxe5 dxe5 18. Nc4 Nc5 19. h4 Rad8 20. hxg5 hxg5 21. Rxd8 Rxd8 22. Nfd2 Qd7 23. Ne3 Qxa4 24. b3 Qd7 25. Rd1 Qc6 26. Nf5 Bf6 27. f3 Bc8 28. Ne3 Be6 29.
Bc4 b5 30. Bxe6 fxe6 31. Ng4 Bg7 32. Nf1 Rxd1 33. Qxd1 Qd6 34. Qe1 Nxb3 35. Bxf4 exf4 36. e5 Qc5+ 37. Kh1 Qc4 38. Nfh2 Qd3 39. Nf6+ Kf7 40. Nhg4 Qd2 41. Qg1 Qc1 0-1

[Event "*** Biggest EVER Titled Tuesday"]
[Site "Chess.com"]
[Date "2018.04.17"]
[Round "4"]
[White "Kazakov_Konstantin"]
[Black "patzerplay"]
[Result "1-0"]
[WhiteElo "2473"]
[BlackElo "2313"]
[TimeControl "180+2"]
[EndTime "13:53:30 PDT"]
[Termination "Kazakov_Konstantin won by checkmate"]

1. e4 c5 2. Nf3 d6 3. d4 cxd4 4. Nxd4 Nf6 5. Nc3 a6 6. Nb3 e6 7. g4 h6 8. h4 Nc6 9. Bg2 Qc7 10.
g5 hxg5 11. hxg5 Rxh1+ 12. Bxh1 Nd7 13. g6 Nde5 14. gxf7+ Qxf7 15. f4 Be7 16. Qe2 Bh4+ 17. Kd1 Qg6 18. Be3 Ng4 19. Bb6 e5 20. f5 Qg5 21. Bf3 Nf6 22. Qe3 Bd7 23. Qxg5 Bxg5 24. Ke2 Ke7 25. Rg1 Bh6 26. Bf2 Rc8 27. Bh4 Be8 28.
Nd5+ Kf7 29. Bxf6 gxf6 30. Bh5+ Kf8 31. Bxe8 Kxe8 32. Nxf6+ Kf7 33. Nd5 a5 34. c3 a4 35.
Nd2 Na5 36. Rg6 Rh8 37. Rf6+ Ke8 38. b4 Bxd2 39. bxa5 Rh2+ 40. Kd3 Kd7 41. Rf7+ Kc6 42. Rc7+ Kb5 43. Rxb7+ Kxa5 44. Ra7+ Kb5 45. c4+ Kc5 46.
Rc7# 1-0